 Dungeon Crawl Stone Soup version 0.30.1-4-g462c640d31 (webtiles) character file.

Game seed: 10380597083039235329

13365 booth the Cleaver (level 12, -28/94 HPs)
             Began as a Human Fighter on Aug 25, 2023.
             Was an Initiate of Gozag.
             Annihilated by an enormous slime creature (54 damage)
             ... on level 12 of the Dungeon on Aug 27, 2023.
             The game lasted 01:17:18 (14993 turns).

booth the Cleaver (Human Fighter)                  Turns: 14993, Time: 01:17:19

Health: -28/94     AC: 24    Str: 27    XL:     12   Next: 31%
Magic:  12/12      EV:  8    Int: 10    God:    Gozag
Gold:   667        SH:  7    Dex: 11    Spells: 11/11 levels left

rFire   . . .        e - +4 war axe "Gypsonea" {holy, Str+7}
rCold   . . .        c - +1 buckler
rNeg    + . .        m - +3 chain mail "Kaopliv" {rPois Will+ Dex-2}
rPois   +            k - +1 helmet {SInv}
rElec   .            D - +1 cloak
rCorr   .            z - +1 Delatra's gloves {ID++}
SInv    +            r - +2 pair of boots {Stlth+}
Will    ++...        (no amulet) Stlth
                     M - ring of willpower
HPRegen 0.35/turn    I - ring of positive energy
MPRegen 0.13/turn

%: no passive effects
@: about to teleport, marked
A: no striking features
a: Renounce Religion, Potion Petition, Call Merchant, Bribe Branch


You were on level 12 of the Dungeon.
You worshipped Gozag.
Gozag was pleased with you.
You visited 2 branches of the dungeon, and saw 13 of its levels.

You collected 2202 gold pieces.
You spent 1491 gold pieces at shops.
You paid 44 gold pieces to Gozag.

Inventory:

Hand Weapons
 e - the +4 war axe "Gypsonea" (weapon) {holy, Str+7}
   (You acquired it on level 4 of the Dungeon)

   Str:       It affects your strength (+7).
 i - a +2 broad axe
 N - a +4 flail
Missiles
 n - 4 silver boomerangs (quivered)
 p - 19 poisoned darts
 O - 2 atropa-tipped darts
Armour
 c - a +1 buckler (worn)
 k - a +1 helmet of see invisible (worn)
 m - the +3 chain mail "Kaopliv" (worn) {rPois Will+ Dex-2}
   (You bought it in a shop on level 2 of the Dungeon)

   Dex:       It affects your dexterity (-2).
   rPois:     It protects you from poison.
   Will:      It increases your willpower.
 r - a +2 pair of boots of stealth (worn)
 z - the +1 Delatra's gloves (worn) {ID++}
   (You found it on level 5 of the Dungeon)

   ID++:      It heals its wearer when they drink unknown potions, and restores
   their MP when they read unknown scrolls.
 D - a +1 cloak (worn)
 E - the +1 ring mail "Doakk" {rN+ Int+4 SInv}
   (You bought it in a shop on level 4 of the Dungeon)

   Int:       It affects your intelligence (+4).
   rN:        It protects you from negative energy.
   SInv:      It lets you see invisible.
Jewellery
 a - a ring of see invisible
 G - a ring of poison resistance
 I - a ring of positive energy (right hand)
 K - a ring of fire
 M - a ring of willpower (left hand)
 R - a ring of ice
Wands
 b - a wand of flame (19)
 A - a wand of paralysis (12)
 H - a wand of mindburst (8)
 J - a wand of roots (16)
Scrolls
 f - 3 scrolls of vulnerability
 h - 5 scrolls of teleportation
 o - 3 scrolls of immolation
 q - 5 scrolls of poison
 s - 2 scrolls of blinking
 t - 2 scrolls of magic mapping
 w - 3 scrolls of butterflies
 y - 2 scrolls of identify
 F - 3 scrolls of fear
 P - a scroll of silence
Potions
 d - 2 potions of might
 j - 2 potions of lignification
 l - a potion of resistance
 u - 3 potions of curing
 v - 2 potions of attraction
 x - 3 potions of ambrosia
 B - 3 potions of haste
 C - a potion of berserk rage
Miscellaneous
 g - a piece from Xom's chessboard (15/15)
 L - a lightning rod (4/4)
 Q - a condenser vane (inert)


   Skills:
 + Level 8.3 Fighting
 * Level 11.2(11.4) Axes
 + Level 3.2(7.9) Maces & Flails
 + Level 7.1 Throwing
 + Level 8.4 Armour
 + Level 8.4 Shields


You had 11 spell levels left.
You didn't know any spells.
Your spell library contained the following spells:

 Spells                   Type           Power      Damage    Failure   Level
 Foxfire                  Conj/Fire      0%         2x1d4     86%         1
 Sting                    Tmut/Pois      0%         1d3       86%         1
 Lesser Beckoning         Tloc           0%         N/A       95%         2
 Poisonous Vapours        Pois/Air       0%         N/A       95%         2
 Call Canine Familiar     Summ           0%         N/A       99%         3
 Gell's Gravitas          Tloc           0%         N/A       99%         3
 Portal Projectile        Hex/Tloc       0%         N/A       99%         3
 Teleport Other           Tloc           0%         N/A       99%         3
 Leda's Liquefaction      Hex/Erth       0%         N/A       100%        4
 Olgreb's Toxic Radiance  Pois           0%         N/A       100%        4
 Fireball                 Conj/Fire      0%         3d3       100%        5
 Lee's Rapid Deconstruct  Erth           0%         3d4*      100%        5
 Plasma Beam              Fire/Air       0%         2x1d11    100%        6
 Starburst                Conj/Fire      0%         6d3       100%        6
 Statue Form              Tmut/Erth      0%         N/A       100%        6


Dungeon Overview and Level Annotations

Branches:
Dungeon (12/15)            Temple (1/1) D:6            Lair (0/5) D:8
    Orc: D:9-12

Altars:
Ashenzari
Cheibriados
Dithmenos
Elyvilon
Fedhas
Gozag
Hepliaklqana
Kikubaaqudgha
Makhleb
Nemelex Xobeh
Okawaru
Qazlal
Ru
Sif Muna
Trog
Uskayaw
Vehumet
Wu Jian
Xom
Yredelemnul
Zin
The Shining One

Shops:
D:2 (=*[   D:4 [[::?   D:8 (

Annotations:
D:6 2 transporters


Message History

You slash the vault sentinel! You hit the very large slime creature.
The vault sentinel blows a loud note on a signal horn!
The very large slime creature hits you!!
The vault sentinel blows a loud note on a signal horn!
You slash the vault sentinel!
The vault sentinel is heavily wounded.
You miss the vault sentinel.
You slash the very large slime creature!
The vault sentinel gestures at you while chanting.
You resist with significant effort. The very large slime creature hits you!
* * * LOW HITPOINT WARNING * * *
Two slime creatures merge to form an enormous slime creature.
The vault sentinel points at you and mumbles some strange words.
You resist with significant effort.
You feel better.
The vault sentinel hits you with a +2 falchion of protection!
* * * LOW HITPOINT WARNING * * *
The vault sentinel hits you with a +2 falchion of holy wrath.
* * * LOW HITPOINT WARNING * * *
The vault sentinel attacks as you move away!
You block the vault sentinel's attack.
The vault sentinel gestures at you while chanting.
You resist with significant effort.
The vault sentinel gestures at you while chanting.
You resist with significant effort.
The vault sentinel unwields a +2 falchion of protection.
The vault sentinel wields a +0 arbalest.
The vault sentinel shoots a bolt.
The bolt hits you but does no damage.
Throw: 4 boomerangs (silver)
Press: ? - help, Q - select action, (/) - cycle Shift-Dir - straight line, f - enormous slime creature
Aim: an enormous slime creature (lightly wounded, 84% to hit)
You throw a silver boomerang.
The silver boomerang hits the enormous slime creature!
The enormous slime creature is moderately wounded.
The vault sentinel blows a loud note on a signal horn!
As you read the scroll of teleportation, it crumbles to dust.
You feel strangely unstable. The enormous slime creature hits you!!!
Ouch! That really hurt!
You die...
Your body crumbles into a pile of gold.

#### #...
#........# #...
######.######
#^..#.## #...#
#^^.'..#####'###
#..^#^.........#
#...
###........#
#^.. #........#
...
#####........#
p.
#@Jp'p.......# #
#####........#
######+### $


You could see an enormous slime creature and 2 vault sentinels.

Vanquished Creatures
  Josephine (D:11)
  Erolcha (D:11)
  Fannar (D:10)
  3 two-headed ogres
  Nergalle (D:10)
  A manticore (D:12)
  A cyclops (D:12)
  2 unseen horrors
  5 trolls
  2 hornets (D:9)
  A slime creature (D:12)
  2 shadows
  5 wraiths (D:11)
  8 yaks
  2 steam dragons (D:8)
  2 water moccasins (D:6)
  3 orc warriors
  An ice beast (D:6)
  2 sky beasts (D:6)
  3 ogres
  2 centaurs
  2 phantoms
  A kobold brigand (D:7)
  Blork the orc (D:5)
  4 bullfrogs
  A scorpion (D:5)
  8 wights
  5 killer bees (D:10)
  10 howler monkeys
  2 jellies
  A gnoll bouda (D:6)
  5 orc priests
  Jessica (D:2)
  6 iguanas
  Terence (D:2)
  4 sleepcaps
  10 orc wizards
  Robin (D:2)
  7 gnolls
  7 adders
  3 white imps
  4 ufetubi
  A worm (D:2)
  3 dart slugs
  29 orcs
  5 ball pythons
  4 endoplasms
  A giant cockroach (D:2)
  15 goblins
  8 hobgoblins
  6 jackals
  3 quokkas
  2 bats (D:1)
  2 frilled lizards
  6 kobolds
  4 rats
222 creatures vanquished.

Vanquished Creatures (others)
  A white imp (D:8)
1 creature vanquished.

Grand Total: 223 creatures vanquished

Notes
Turn   | Place    | Note
-------+----------+-------------------------------------------
     0 | D:1      | booth the Human Fighter began the quest for the Orb.
     0 | D:1      | Reached XP level 1. HP: 18/18 MP: 1/1
   130 | D:1      | Reached XP level 2. HP: 13/24 MP: 2/2
   468 | D:1      | Found a faded altar of an unknown god.
   742 | D:2      | Found Vijaiv's Weapon Shoppe.
   811 | D:2      | Found Xogrym's Antique Armour Emporium.
   833 | D:2      | Found Covedghijiu's General Store.
   911 | D:2      | Reached XP level 3. HP: 29/29 MP: 3/3
   951 | D:2      | Noticed Jessica
   960 | D:2      | Killed Jessica
  1015 | D:2      | Noticed Robin
  1020 | D:2      | Reached XP level 4. HP: 30/35 MP: 4/4
  1026 | D:2      | Killed Robin
  1027 | D:2      | Reached skill level 3 in Axes
  1198 | D:2      | Noticed Terence
  1207 | D:2      | Killed Terence
  1208 | D:2      | Reached XP level 5. HP: 18/41 MP: 5/5
  1343 | D:2      | Found Leqoec's Jewellery Shop.
  1644 | D:3      | Found a shadowy altar of Dithmenos.
  1714 | D:3      | HP: 2/42 [sleepcap (6)]
  1719 | D:3      | HP: 2/42 [sleepcap (2)]
  2123 | D:3      | Found an opulent altar of Gozag.
  2137 | D:3      | Noticed a phantom
  2153 | D:3      | Killed a phantom
  2154 | D:3      | Reached skill level 4 in Axes
  2154 | D:3      | Reached XP level 6. HP: 17/48 MP: 6/6
  2333 | D:3      | Became a worshipper of Gozag Ym Sagoz the Greedy
  2986 | D:4      | Found Zehoetah's Antique Armour Shoppe.
  3000 | D:4      | Bought a pair of glowing boots for 217 gold pieces
  3021 | D:4      | Found Femmez's Armour Shop.
  3122 | D:4      | Reached XP level 7. HP: 54/54 MP: 7/7
  3256 | D:4      | Found Emnef's Magic Scroll Emporium.
  3282 | D:4      | Bought 2 scrolls of identify for 48 gold pieces
  3283 | D:4      | Identified a scroll of acquirement
  3285 | D:4      | Acquired the +4 war axe "Gypsonea" {holy, Str+7}
  3290 | D:4      | Found Ogrolo's Book Shop.
  3383 | D:4      | Found Tebbun's Book Shoppe.
  3624 | D:5      | Entered Level 5 of the Dungeon
  3826 | D:5      | Noticed Blork the orc
  3837 | D:5      | Killed Blork the orc
  3838 | D:5      | Reached skill level 5 in Axes
  3838 | D:5      | Reached skill level 1 in Throwing
  4256 | D:4      | Bought a scroll of enchant weapon for 90 gold pieces
  4256 | D:4      | Bought a scroll of identify for 24 gold pieces
  4256 | D:4      | Bought a scroll of identify for 24 gold pieces
  4311 | D:5      | Reached XP level 8. HP: 58/61 MP: 8/8
  4604 | D:5      | Found the +1 Delatra's gloves {ID++}
  4930 | D:6      | Reached skill level 5 in Armour
  4971 | D:6      | Found a staircase to the Ecumenical Temple.
  5049 | D:6      | Reached skill level 6 in Axes
  5080 | D:6      | Reached skill level 5 in Fighting
  5080 | D:6      | Reached skill level 5 in Shields
  5102 | Temple   | Entered the Ecumenical Temple
  5411 | D:6      | Reached XP level 9. HP: 67/68 MP: 9/9
  5429 | D:6      | Found a radiant altar of Vehumet.
  5582 | D:6      | Reached skill level 7 in Axes
  6297 | D:4      | Bought a cloak for 130 gold pieces
  6302 | D:4      | Bought a faintly humming ring mail for 261 gold pieces
  6302 | D:4      | Identified the +1 ring mail "Doakk" {rN+ Int+4 SInv} (You
                  | bought it in a shop on level 4 of the Dungeon)
  6397 | D:6      | Found a transporter.
  6423 | D:6      | Found a transporter.
  6711 | D:7      | Noticed a two-headed ogre
  6724 | D:7      | Killed a two-headed ogre
  6725 | D:7      | Reached skill level 8 in Axes
  6725 | D:7      | Reached XP level 10. HP: 42/76 MP: 10/10
  7378 | D:2      | Bought a scroll of enchant armour for 90 gold pieces
  7772 | D:7      | Found a snail-covered altar of Cheibriados.
  7943 | D:7      | Found a burning altar of Makhleb.
  8267 | D:8      | Found a broken altar of Ashenzari.
  8443 | D:8      | Found a staircase to the Lair.
  8465 | D:8      | Reached skill level 5 in Throwing
  8664 | D:8      | Reached skill level 9 in Axes
  9108 | D:4      | Bought a runed helmet for 217 gold pieces
  9183 | D:2      | Bought a glowing helmet for 172 gold pieces
  9497 | D:8      | Found Pagrod's Weapon Shop.
  9986 | D:9      | Reached XP level 11. HP: 40/84 MP: 11/11
 10137 | D:9      | Found a blossoming altar of Fedhas.
 10159 | D:9      | Found a stormy altar of Qazlal.
 10247 | D:9      | Identified the +11 long sword of Qitih {flame, rElec Will-
                  | Int-4 Stlth+}
 10535 | D:9      | Noticed a two-headed ogre
 10543 | D:9      | Killed a two-headed ogre
 10769 | D:9      | Found a shimmering blue altar of Sif Muna.
 11272 | D:10     | Entered Level 10 of the Dungeon
 11272 | D:10     | Noticed a two-headed ogre
 11279 | D:10     | Killed a two-headed ogre
 11280 | D:10     | Reached skill level 10 in Axes
 11672 | D:2      | Bought a jasper-encrusted chain mail for 218 gold pieces
 11672 | D:2      | Identified the +3 chain mail "Kaopliv" {rPois Will+ Dex-2}
                  | (You bought it in a shop on level 2 of the Dungeon)
 12005 | D:10     | Noticed Nergalle
 12021 | D:10     | Noticed a spectral orc warlord
 12043 | D:10     | Killed Nergalle
 12180 | D:10     | Found a white marble altar of Elyvilon.
 12405 | D:10     | Reached skill level 1 in Maces & Flails
 12519 | D:10     | Identified the +0 helmet "Uveraph" {rN+}
 12526 | D:10     | Noticed Fannar
 12552 | D:10     | Killed Fannar
 12883 | D:10     | Found an ancient bone altar of Kikubaaqudgha.
 12893 | D:10     | Found a sparkling altar of Nemelex Xobeh.
 13156 | D:10     | Found a glowing golden altar of the Shining One.
 13158 | D:10     | Noticed an angel
 13175 | D:10     | Found a basalt altar of Yredelemnul.
 13177 | D:10     | Noticed a profane servitor
 13612 | D:11     | Noticed Erolcha
 13630 | D:11     | Killed Erolcha
 13898 | D:11     | Noticed Josephine
 13914 | D:11     | Killed Josephine
 13915 | D:11     | Reached XP level 12. HP: 50/92 MP: 12/12
 14459 | D:12     | Reached skill level 11 in Axes
 14993 | D:12     | Annihilated by an enormous slime creature

Illustrated notes

Levels and vault maps discovered:
D:1:      matt_arrival_diagonals, layout_basic, basic_ecumenical_altar
D:2:      layout_loops_cross, serial_shops, shop_statue, shop,
          nicolae_shop_just_a_little_nook, shop,
          wander_ebering_terrifying_dragon_lair, uniq_terence, uniq_robin,
          uniq_jessica
D:3:      layout_loops_ring, mainiacjoe_overflow_catwalk,
          mainiacjoe_overflow_boulevard, columned_hall_lemuel
D:4:      layout_loops_ring, serial_shops, nicolae_shop_window_shopping, shop,
          shop, nicolae_shop_scrapyard, shop
D:5:      layout_gridville, dk_noncrumbling_3, uniq_blork_the_orc
D:6:      gammafunk_steamed_eel, layout_basic, mainiacjoe_overflow_chevrons,
          minmay_temple_entry_steel_oval, nzn_random_ring
D:7:      layout_basic, mainiacjoe_overflow_brackets, old_standard_altar
D:8:      layout_rooms, nicolae_ashenzari_panopticon, serial_shops,
          nicolae_shop_back_alley_shop
D:9:      layout_basic, grunt_temple_overflow_forces_of_nature,
          nicolae_sif_muna_little_library, kennysheep_generic_room_15
D:10:     layout_roguey, grunt_temple_overflow_holy_war,
          mainiacjoe_overflow_cross_hatched, amethyst_overflow_temple_binary,
          uniq_nergalle, uniq_fannar
D:11:     layout_gridville, uniq_josephine, uniq_erolcha
D:12:     layout_roguey, minmay_orc_entry_temple_small,
          hellmonk_guarded_unrand_gong
Temple:   hellmonk_temple_forest_ring

Skill      XL: |  1  2  3  4  5  6  7  8  9 10 11 12 |
---------------+-------------------------------------+-----
Axes           | 3 4 5 6 8 9 10 11 | 11.2
Armour         | 4 5 6 7 8 |  8.4
Shields        | 4 5 6 7 8 |  8.4
Fighting       | 4 5 6 7 8 |  8.3
Throwing       | 1 2 4 5 6 7 |  7.1
Maces & Flails | 2 3 |  3.2

Action                     |  1- 3 |  4- 6 |  7- 9 | 10-12 || total
---------------------------+-------+-------+-------+-------++-------
  Melee: War axe           |    52 |   144 |   235 |   432 ||   863
  Throw: Dart              |       |     6 |     1 |     2 ||     9
         Boomerang         |       |     2 |     4 |    22 ||    28
  Evoke: Wand              |       |       |       |     6 ||     6
         Piece from Xom's  |       |       |       |     1 ||     1
         Condenser vane    |       |       |       |     1 ||     1
    Use: Scroll            |     5 |     3 |     8 |     9 ||    25
         Potion            |     1 |     3 |       |     3 ||     7
   Stab: Distracted        |       |       |       |     3 ||     3
 Armour: Scale mail        |    22 |    67 |   105 |       ||   194
         Ring mail         |       |       |     7 |    96 ||   103
         Chain mail        |       |       |       |   145 ||   145
  Dodge: Dodged            |    17 |    62 |   103 |   156 ||   338
  Block: Buckler           |    12 |    26 |    42 |   102 ||   182
